 Dungeon Crawl Stone Soup version 0.23.0 (webtiles) character file.

Game seed: 1268043660088516120

743 HoaS the Skirmisher (level 7, -6/45 HPs)
             Began as a Gargoyle Fighter on Feb 9, 2019.
             Killed by divine providence
             ... invoked by an orc priest
              (9 damage)
             ... on level 5 of the Dungeon on Feb 10, 2019.
             The game lasted 00:09:33 (3396 turns).

HoaS the Skirmisher (Gargoyle Fighter)              Turns: 3396, Time: 00:09:33

Health: -6/45      AC: 21    Str: 22    XL:     7   Next: 76%
Magic:  7/7        EV:  4    Int:  8    God:
Gold:   179        SH:  9    Dex:  9    Spells: 6/6 levels left

rFire    . . .     SeeInvis .   a - +0 flail
rCold    . . .     Gourm    .   c - +0 shield
rNeg     + . .     Faith    .   h - +1 plate armour
rPois    ∞         Spirit   .   k - +0 helmet
rElec    +         Reflect  .   n - +0 cloak
rCorr    .         Harm     .   (no gloves)
MR       .....                  d - +0 pair of boots
Stlth    ..........             (no amulet)
HPRegen  0.15/turn              (no ring)
MPRegen  0.10/turn              (no ring)

@: no status effects
A: negative energy resistance 1, electricity resistance, unbreathing,
petrification resistance, rot immunity, AC +4
a: no special abilities


You were on level 5 of the Dungeon.
You were not hungry.

You visited 1 branch of the dungeon, and saw 5 of its levels.

You collected 179 gold pieces.

Inventory:

Hand Weapons
 a - a +0 flail (weapon)
Armour
 c - a +0 shield (worn)
 d - a +0 pair of boots (worn)
 h - a +1 plate armour (worn)
 k - a +0 helmet (worn)
 n - a +0 cloak (worn)
Wands
 l - a wand of scattershot (5)
 q - a wand of random effects (29)
Scrolls
 g - a scroll of enchant armour
 m - 3 scrolls of identify
 p - 2 scrolls of teleportation
Potions
 b - a potion of agility
 e - a potion of berserk rage {unknown}
 i - a potion of mutation {unknown}
 j - a potion of ambrosia {unknown}
 o - 2 potions of lignification {unknown}
Comestibles
 f - 4 rations
 r - 2 chunks of flesh


   Skills:
 * Level 5.9 Fighting
 * Level 5.6 Maces & Flails
 + Level 4.7 Armour
 + Level 4.7 Shields


You had 6 spell levels left.
You didn't know any spells.
Your spell library was empty.

Dungeon Overview and Level Annotations

Branches:
Dungeon (5/15)
 Temple: D:4-7

Altars:
Hepliaklqana
Nemelex Xobeh

Annotations:
D:5 Edmund, Grinder


Innate Abilities, Weirdness & Mutations

You are resistant to torment.
Your stone body is resilient. (AC +4)
You are immune to poison.
You resist negative energy. (rN+)
You are resistant to electric shocks. (rElec)
You can survive without breathing.
You are immune to petrification.
You are immune to rotting.


Message History

The sentinel's mark upon you fades away.
You block the leopard gecko's attack.
You barely miss the leopard gecko.
The orc priest calls down the wrath of Beogh upon you.
Beogh smites you!
The leopard gecko bites you but does no damage.
Your plate armour prevents you from hitting the leopard gecko.
The leopard gecko barely misses you.
The leopard gecko bites you but does no damage.
You closely miss the leopard gecko. You block the leopard gecko's attack.
The orc priest calls down the wrath of Beogh upon you.
Beogh smites you!
* * * LOW HITPOINT WARNING * * *
You barely miss the leopard gecko.
The leopard gecko bites you but does no damage. x2
You hit the leopard gecko.
The leopard gecko is severely wounded.
The orc priest invokes the aid of Beogh against you.
Beogh smites you!
You die...

#####.#.#.#.#...#
#...............#
#.....#.#...#.#.#
##....##.#...#.#.#
.................#######
.##......#....).W.......
.............).@o{..###
#######..#######l##.#
#..# #@# # #.## #.# #.
..# ####


You could see Edmund, a phantom, an orc priest and a leopard gecko.

Vanquished Creatures
  Sigmund (D:3)
  A phantom (D:4)
  An ogre (D:4)
  2 scorpions (D:4)
  A centaur skeleton (D:4)
  An orc priest (D:5)
  An orc wizard (D:5)
  2 worker ants (D:4)
  Ijyb (D:3)
  A hound zombie (D:5)
  A howler monkey zombie (D:4)
  Robin (D:2)
  A gnoll (D:1)
  3 adders
  2 oozes
  A worm (D:3)
  2 dart slugs (D:1)
  A leopard gecko (D:1)
  2 orcs
  A giant cockroach (D:1)
  17 goblins
  9 hobgoblins
  7 jackals
  2 quokkas
  A ball python (D:2)
  7 bats (D:1)
  3 frilled lizards
  6 kobolds
  4 rats
83 creatures vanquished.

Notes
Turn   | Place    | Note
-------+----------+-------------------------------------------
     0 | D:1      | HoaS the Gargoyle Fighter began the quest for the Orb.
     0 | D:1      | Reached XP level 1. HP: 14/14 MP: 1/1
   124 | D:1      | Reached XP level 2. HP: 19/19 MP: 2/2
   400 | D:1      | Reached XP level 3. HP: 23/23 MP: 3/3
   727 | D:2      | Noticed Robin
   782 | D:1      | Reached XP level 4. HP: 24/29 MP: 4/4
   931 | D:2      | Killed Robin
  1538 | D:3      | Noticed Ijyb
  1558 | D:3      | Killed Ijyb
  1558 | D:3      | Reached XP level 5. HP: 32/33 MP: 5/5
  1773 | D:3      | Found a sparkling altar of Nemelex Xobeh.
  1927 | D:3      | Found a hazy altar of Hepliaklqana.
  2221 | D:3      | Noticed Sigmund
  2263 | D:3      | Killed Sigmund
  2263 | D:3      | Reached XP level 6. HP: 14/40 MP: 6/6
  2506 | D:4      | Reached skill level 5 in Fighting
  2599 | D:4      | Reached skill level 5 in Maces & Flails
  2599 | D:4      | Reached XP level 7. HP: 39/44 MP: 7/7
  3334 | D:5      | Entered Level 5 of the Dungeon
  3381 | D:5      | Noticed Edmund
  3382 | D:5      | Noticed Grinder
  3396 | D:5      | Killed from afar by an orc priest

Skill      XL: |  1  2  3  4  5  6 |
---------------+-------------------+-----
Maces & Flails | 3 4 5 |  5.6
Fighting       | 4 5 |  5.9
Armour         | 4 |  4.7
Shields        | 4 |  4.7

Action                   |  1- 3 |  4- 6 |  7- 9 || total
-------------------------+-------+-------+-------++-------
Melee: Flail             |   136 |   212 |    96 ||   444
  Use: Scroll            |     2 |     2 |       ||     4
       Potion            |       |     1 |       ||     1
  Eat: Chunk             |       |     6 |     3 ||     9
Armor: Scale mail        |    52 |       |       ||    52
       Plate armour      |    49 |   141 |    72 ||   262
Dodge: Dodged            |    35 |    40 |    20 ||    95
Block: Shield            |    94 |   107 |    45 ||   246
